Cogmind - Beta 14 @@@ ROGUE MODE // 2024.11.09 @ 00:02:53 Player: Komeiji O. Result: Smashed by cave-in Performance ------------- Evolutions (0) 0 Regions Visited (2) 400 Robots Destroyed (26) 130 Value Destroyed (538) 538 Prototype IDs (2) 40 Alien Tech Used (0) 0 Bonus (0) 0 TOTAL SCORE: 1108 Bonus ------- None Cogmind --------- Core Integrity 0/250 Matter 290/300 Energy 100/100 System Corruption 7% Temperature Cool (0) Movement Core (750) Ox14 Location -10/Subcaves Parts ------- > --- POWER (1) -------- (None) > --- PROPULSION (2) --- Light Treads > --- UTILITY (2) ------ High-capacity Storage Unit Seismic Detector > --- WEAPON (2) ------- Assault Rifle Hammer > --- INVENTORY (20) --- Ion Engine Light Treads Light Treads Light Treads Wheel Wheel Compact Wheel Heat Sink Small Storage Unit Subdweller Optics Subdweller Optics Improved Terrain Scanner Tractor Beam Beam Cannon Beam Cannon Assault Rifle Grenade Launcher Datajack Scrap Shield Fragment (49) Scrap Shield Fragment (48) Peak State ------------ > --- POWER ------------ Light Nuclear Core > --- PROPULSION ------- Aluminum Leg Compact Wheel > --- UTILITY ---------- High-capacity Storage Unit Light Armor Plating > --- WEAPON ----------- Beam Cannon Assault Rifle > --- INVENTORY -------- Ion Engine Ion Engine Light Treads Light Treads Light Treads Light Treads Wheel Wheel Compact Wheel Heat Sink Small Storage Unit Improved Terrain Scanner Seismic Detector Tractor Beam Beam Cannon Assault Rifle Assault Rifle Grenade Launcher Datajack Hammer [Rating: 11] Favorites ----------- Power Ion Engine Engine Ion Engine Power Core Light Nuclear Core Propulsion Compact Wheel Treads Light Treads Leg Aluminum Leg Wheel Compact Wheel Utility High-capacity Storage Unit Device Seismic Detector Storage High-capacity Storage Unit Protection Light Armor Plating Weapon Assault Rifle Energy Cannon Beam Cannon Ballistic Gun Assault Rifle Launcher Grenade Launcher Impact Weapon Hammer Special Melee Weapon Datajack Build | -11 -10 -10 ------- Run | Yrd Mat Sub Slots Evolved . | . . . Power . | . . . Propulsion . | . . . Utility . | . . . Weapon . | . . . Parts Attached 53 | 7 26 20 Power 3 | 1 1 1 Engine 2 | 1 . 1 Core 1 | . 1 . Reactor . | . . . Propulsion 18 | 2 12 4 Treads 8 | 2 4 2 Leg 2 | . 2 . Wheel 8 | . 6 2 Hover . | . . . Flight . | . . . Utility 16 | 2 6 8 Device 10 | 1 2 7 Storage 2 | 1 1 . Processor . | . . . Hackware . | . . . Protection 4 | . 3 1 Artifact . | . . . Weapon 16 | 2 7 7 Energy Gun . | . . . Energy Cannon 4 | . 2 2 Ballistic Gun 5 | 2 2 1 Ballistic Cannon . | . . . Launcher 2 | . 1 1 Special Weapon . | . . . Impact Weapon 4 | . 1 3 Slashing Weapon . | . . . Piercing Weapon . | . . . Special Melee Weapon 1 | . 1 . Unidentified Prototypes . | . . . Parts Lost 8 | . 1 7 Power 2 | . . 2 Propulsion 3 | . . 3 Utility 1 | . . 1 Weapon 2 | . 1 1 Highest Loss Streak 3 | . 1 3 To Critical Strikes 1 | . . 1 Average Slot Usage (%) 99 | . 100 99 Engine 11 | . 13 10 Core 2 | . . 3 Treads 4 | . 4 4 Leg 9 | . 9 10 Wheel 13 | . 13 13 Device 9 | . 6 13 Storage 14 | . 14 14 Protection 4 | . 7 . Energy Cannon 3 | . 1 7 Ballistic Gun 20 | . 25 14 Impact Weapon 2 | . . 4 Peak Build Rating 11 | 8 11 11 Average Rating 8 | 5 8 9 On Entrance 6 | . 7 11 Naked Turns . | . . . Heaviest Build 53 | 14 53 52 Greatest Support 40 | 40 40 40 Greatest Overweight (x) 3 | . 3 3 Average Overweight (x) 2 | . 2 2 Largest Inventory Capacity 20 | 8 20 20 Average Capacity 18 | 7 19 20 Most Carried 20 | 8 20 20 Average Carried 15 | 4 15 18 Final Capacity 20 | 8 20 20 Final Carried 20 | 5 20 20 Class Distribution -------------------- 100% | Mutant Dominant Class ---------------- Mutant | -10/Materials Mutant | -10/Subcaves Resources | -11 -10 -10 ----------- Run | Yrd Mat Sub Matter Collected 950 | 267 435 248 Remotely . | . . . Salvage Created 848 | 93 489 266 Parts 60 | 10 41 9 Haulers Intercepted 2 | . 2 . Recyclers Shooed . | . . . Parts Field Recycled . | . . . Retrieved Matter . | . . . Parts Self-Destructed 8 | . . 8 Prevented . | . . . Kills | -11 -10 -10 ------- Run | Yrd Mat Sub Combat Hostiles Destroyed 20 | . 16 4 Guns 16 | . 14 2 Cannons 3 | . 1 2 AOE 1 | . 1 . Classes Destroyed 6 | 1 3 2 Tunneler 4 | 4 . . Hauler 2 | . 2 . Swarmer 9 | . 9 . Grunt 7 | . 7 . Sentry 1 | . . 1 Subdweller 3 | . . 3 Best Kill Streak 3 | 1 3 1 Combat Bots Only 3 | . 3 1 Max Kills in Single Turn 2 | 1 2 1 Gunslinging 1 | . 1 . Exploded 1 | . 1 . Melee . | . . . Uniques/NPCs Destroyed . | . . . Combat | -11 -10 -10 -------- Run | Yrd Mat Sub Hostile Shots Fired 107 | . 70 37 Missed 29 | . 20 9 Damage Taken 1378 | . 494 884 Core 270 | . 36 234 Absorbed by Shields . | . . . Core Remaining (%) 100 | 100 . . Volleys Fired 79 | 7 50 22 Largest 2 | 2 2 2 Hottest 80 | 40 80 80 Shots Fired 153 | 14 95 44 Gun 119 | 14 83 22 Cannon 32 | . 10 22 Launcher 2 | . 2 . Special . | . . . Kinetic 119 | 14 83 22 Thermal 32 | . 10 22 Explosive 2 | . 2 . Electromagnetic . | . . . Robot Hit Streak 15 | 4 9 15 Robot Miss Streak 4 | 1 4 1 Penetration Max . | . . . Secondary Targets 2 | . 2 . Max Gunslinging Chain 1 | . 1 . Shots Hit Robots 99 | 9 54 36 Core Hits 43 | 5 27 11 Critical Kills 2 | . 2 . Critical Parts Destroyed 1 | . 1 . Critical Strikes 3 | . 3 . Meltdown 1 | . 1 . Destroy 2 | . 2 . Melee Attacks 43 | . 2 41 Impact 43 | . 2 41 Slashing . | . . . Piercing . | . . . Sneak Attacks . | . . . Combat Hostiles . | . . . Follow-up Attacks . | . . . Damage Inflicted 1318 | 95 644 579 Guns 844 | 95 498 251 Cannons 352 | . 87 265 Explosions 53 | . 53 . Melee 63 | . . 63 Ramming 6 | . 6 . Kinetic 844 | 95 498 251 Thermal 352 | . 87 265 Explosive 53 | . 53 . Electromagnetic . | . . . Impact 63 | . . 63 Slashing . | . . . Piercing . | . . . Highest Corruption . | . . . Average Corruption . | . . . Corruption Purged . | . . . Corruption Blocked . | . . . Overload Shots . | . . . Overflow Damage . | . . . Projectiles . | . . . Explosions . | . . . Melee . | . . . Knockbacks . | . . . Impact . | . . . Kinetic . | . . . Secondary . | . . . Self-Inflicted Damage . | . . . Shots . | . . . Rammed 1 | . 1 . Targets Rammed 2 | . 2 . Kicked 1 | . 1 . Crushed . | . . . Highest Temperature 99 | . 99 . Average Temperature 20 | . 20 . Received Heat Transfer 273 | . 186 87 Siege Activations . | . . . Robots Corrupted . | . . . Combat Hostiles . | . . . Parts Fried . | . . . Impact Corruptions . | . . . Robots Melted 1 | . 1 . Combat Hostiles . | . . . Parts Melted 4 | . 3 1 Heat Transferred 740 | . 185 555 Parts Sabotaged . | . . . Parts Stolen . | . . . Parts Stripped . | . . . Power Chain Reactions . | . . . Alert | -11 -10 -10 ------- Run | Yrd Mat Sub Peak Influence 154 | 20 154 . Initial 13 | . 13 . Average 55 | 9 63 . Maximum Alert Level . | . . . Low Security (%) 100 | 100 100 . Level 1 . | . . . Level 2 . | . . . Level 3 . | . . . Level 4 . | . . . Level 5 . | . . . High Security . | . . . Max Security . | . . . Squads Dispatched 2 | . 2 . Investigation . | . . . Extermination . | . . . Reinforcement 2 | . 2 . Assault . | . . . Garrison . | . . . Intercept . | . . . Searches Triggered . | . . . Construction Impeded . | . . . Haulers Reinforced . | . . . Active Scanning Responses . | . . . Cargo Convoy Interrupts . | . . . Stealth | -11 -10 -10 --------- Run | Yrd Mat Sub Distress Signals 2 | . 2 . Communications Jammed . | . . . Distress Signals . | . . . Times Spotted 39 | . 33 6 Peak Tracking Total 5 | . 5 2 Tactical Retreats 6 | . 6 . Traps | -11 -10 -10 ------- Run | Yrd Mat Sub Traps Triggered . | . . . Indirectly . | . . . Trap Hack Attempts . | . . . Triggered . | . . . Disarmed . | . . . Reprogrammed . | . . . Reused . | . . . Traps Extracted . | . . . Installed . | . . . Triggered . | . . . Machines | -11 -10 -10 ---------- Run | Yrd Mat Sub Machines Disabled . | . . . Max in Single Turn . | . . . Machines Repaired . | . . . Machines Dismantled . | . . . Machines Sabotaged . | . . . Overloaded Fab Kills . | . . . Hacking | -11 -10 -10 --------- Run | Yrd Mat Sub Machines Accessed 5 | . 5 . Terminals 5 | . 5 . Fabricators . | . . . Repair Stations . | . . . Recycling Units . | . . . Scanalyzers . | . . . Garrison Access . | . . . Total Hacks 17 | . 17 . Successful 7 | . 7 . Failed 10 | . 10 . Catastrophic . | . . . Database Lockouts . | . . . Manual 10 | . 10 . Terminals 17 | . 17 . Fabricators . | . . . Repair Stations . | . . . Recycling Units . | . . . Scanalyzers . | . . . Garrison Access . | . . . Terminal Hacks 3 | . 3 . Robot Analysis 1 | . 1 . Prototype ID Bank 1 | . 1 . Unreport Threat 1 | . 1 . Fabricator Hacks . | . . . Repair Station Hacks . | . . . Recycling Unit Hacks . | . . . Scanalyzer . | . . . Garrison Access Hacks . | . . . Unauthorized Hacks 4 | . 4 . Terminals 4 | . 4 . Track 1 | . 1 . Botnet 3 | . 3 . Fabricators . | . . . Repair Stations . | . . . Recycling Units . | . . . Scanalyzers . | . . . Garrison Access . | . . . Data Cores Recovered . | . . . Used . | . . . Hacking Detections 5 | . 5 . Full Trace Events . | . . . Feedback Events . | . . . Feedback Blocked . | . . . Robot Schematics Acquired . | . . . Robots Built . | . . . Authchips . | . . . Time . | . . . Total Robot Build Rating . | . . . Part Schematics Acquired . | . . . Parts Built . | . . . Authchips . | . . . Time . | . . . Total Part Build Rating . | . . . Parts Repaired . | . . . Time . | . . . Parts Recycled . | . . . Recycled Matter . | . . . Retrieved Matter . | . . . Retrieved Components . | . . . Parts Scanalyzed . | . . . Part Schematics Acquired . | . . . Parts Damaged . | . . . Bothacking | -11 -10 -10 ------------ Run | Yrd Mat Sub Used RIF Installer . | . . . Robots Hacked . | . . . Non-combat . | . . . Combat . | . . . Robot Hacks Applied . | . . . Relay Couplers Released . | . . . Fabnet Peak Effective % . | . . . Robots Rewired . | . . . Allies Hacked . | . . . Hacks Repelled . | . . . Allies | -11 -10 -10 -------- Run | Yrd Mat Sub Total Allies . | . . . Largest Group . | . . . Highest-Rated Group . | . . . Highest-Rated Ally . | . . . Total Orders . | . . . Ally Attacks . | . . . Total Damage . | . . . Kills . | . . . Allies Corrupted . | . . . Allies Melted . | . . . Intel | -11 -10 -10 ------- Run | Yrd Mat Sub Robot Analysis Total 1 | . 1 . Derelict Logs Recovered . | . . . Drone Launches . | . . . Drone Recoveries . | . . . Exploration | -11 -10 -10 ------------- Run | Yrd Mat Sub Turns Passed 2608 | 215 1408 985 Spaces Moved 1365 | 113 760 492 Core 4 | 4 . . Treads 165 | 109 52 4 Legs . | . . . Wheels 1196 | . 708 488 Hover . | . . . Flight . | . . . Fastest Speed 50 | 50 115 130 Average Speed 143 | 156 142 141 Slowest Speed 240 | 160 240 240 Overloaded Moves . | . . . Propulsion Burnouts . | . . . Robots Hopped . | . . . Cave-ins Triggered 1 | . . 1 Exploration Rate (%) 44 | 5 98 30 Regions Visited 2 Branch Regions 1 Pre-discovered Areas . | . . . Known Exits Taken . | . . . Unknown Exits Taken 2 | 1 1 . Scrap Searched . | . . . Spaces Dug 5 | . 1 4 Terrain Destroyed 18 | . 14 4 Melee 5 | . 1 4 Projectile . | . . . AOE 13 | . 13 . Terrain Rammed . | . . . Walls Destroyed . | . . . Machines Disabled . | . . . Actions | -11 -10 -10 --------- Run | Yrd Mat Sub Total 1779 | 137 985 657 Wait 185 | . 108 77 Move 1363 | 112 759 492 Hop . | . . . Pick Up 37 | 8 25 4 Fast Attach 10 | 7 2 1 Attach 6 | . 1 5 Detach 1 | . . 1 Swap 37 | . 23 14 Drop 16 | 3 13 . Fire 79 | 7 50 22 Melee 43 | . 2 41 Ram . | . . . Kick 1 | . 1 . Crush 1 | . 1 . Escape Stasis . | . . . Rewire . | . . . Trap . | . . . Miscellaneous . | . . . Route ------- -11/Scrapyard -10/Materials (discovered 6 exits: [*Mat x3] / [*Min x2] / [*Sub]) -10/Subcaves History --------- Turn | Location | Event 35 | -11/Scrapyard | Discovered new exit (range 16) 216 | -11/Scrapyard | Entered Materials 306 | -10/Materials | Build established: Mutant 793 | -10/Materials | Discovered new exit (range 9) 812 | -10/Materials | Discovered new exit (range 5) 904 | -10/Materials | Discovered new exit (range 13) 1096 | -10/Materials | Discovered new exit (range 16) 1319 | -10/Materials | Discovered new exit (range 16) 1620 | -10/Materials | Discovered new exit (range 5) 1624 | -10/Materials | Entered Subcaves 1919 | -10/Subcaves | Lost 3 parts (1p1n1u) 2335 | -10/Subcaves | Core integrity fell below 50% 2483 | -10/Subcaves | A swath of the cavern ceiling suddenly collapsed 2610 | -10/Subcaves | Crushed by falling debris 2610 | -10/Subcaves | Smashed by cave-in Last Messages --------------- 02336_ Aluminum Leg destroyed. 02339_ Sub. Laser melted. 02339_ VA-DTP(R) destroyed. 02351_ Subatomizers dissect the Sub. Optics. 02352_ Acquired Sub. Monowheel. 02354_ Acquired 56 matter. 02356_ Acquired Sub. Optics. 02359_ Acquired Scrap Shield Fragment. 02363_ Acquired 5 matter. 02383_ X6-RWZ(R) destroyed. 02388_ Subatomizers dissect the Sub. Optics. 02391_ Acquired 15 matter. 02394_ Acquired Sub. Optics. A swath of the cavern ceiling suddenly collapses. 02610_ The unstable cave ceiling collapses. 02610_ Crushed by falling debris. 02610_ Sub. Monowheel destroyed. 02610_ System corrupted by crushing effect (+3). 02610_ Ion Engine destroyed. 02610_ System corrupted by crushing effect (+4). Map ----- +----------------------------------------------------+ | | | | | | | | | | | | | ?????????????????????????????????????????????????? | | ?????????????????????????????????????????????????? | | ?????????????????????????????????????????????????? | | ?????????????????????????????????????????????????? | | ?????????????????????????????????????????????????? | | ?????????????????????????????????????????????????? | | ?????????????????????????????????????????????????? | | ?????????????????????????????????????????????????? | | ?????????????????????????????????????????????????? | | ?????????????????????????????????????????????????? | | ?????????????????????????????????????????????????? | | ?????????????????????????????????????????????????? | | ?????????????????????????????????????????????????? | | ?????????????????????????????????????????????????? | | ?????????????????????????????????????????????????? | | ????????????????????????????#########????????##### | | ?????????????????????????#### # # ###??##### ## | | ????????????????????????##;# ## ## #### ## | | ???????????????????????## # # # # ### # # | | ???????????????????????# @ # # # # # ## # | | ???????????????????????######### ## ## ## | | ???????????????????????????????## # ###### #### | | ????????????????????????????????#######????####??? | | ?????????????????????????????????????????????????? | | ?????????????????????????????????????????????????? | | ?????????????????????????????????????????????????? | | ?????????????????????????????????????????????????? | | ?????????????????????????????????????????????????? | | ?????????????????????????????????????????????????? | | ?????????????????????????????????????????????????? | | ?????????????????????????????????????????????????? | | ?????????????????????????????????????????????????? | | ?????????????????????????????????????????????????? | | ?????????????????????????????????????????????????? | | ?????????????????????????????????????????????????? | | ?????????????????????????????????????????????????? | | ?????????????????????????????????????????????????? | | ?????????????????????????????????????????????????? | | ?????????????????????????????????????????????????? | | ?????????????????????????????????????????????????? | | ?????????????????????????????????????????????????? | | ?????????????????????????????????????????????????? | | ?????????????????????????????????????????????????? | | ?????????????????????????????????????????????????? | +----------------------------------------------------+ Best States ------------- Heat Dissipation 35 Energy Generation 14 Energy Capacity 250 Matter Stores 300 Matter Capacity 300 Sight Range 16 Terrain Scan Density 10 Armor Coverage 150 Evasion (%) 40 Recoil Reduction 2 Item Schematics ----------------- None Robot Schematics ------------------ None Fabricated ------------ Nothing Alien Tech Used ----------------- None Achievements -------------- None Challenges ------------ None Game ------ Seed PotentialJunkDesublimator Manual? 0 Play Time 00:25:45 Cumulative 144.3 hours Start 2024.11.08 @ 23:41:09 End 2024.11.09 @ 00:02:53 Sessions 1 Manual Loads 0 Difficulty Rogue Special Mode None Game No. 54 Rogue 53 Adventurer 1 Explorer 0 Win Type - Total 2 Types 2/0/0/0/0/0/0/0/0 Lore% 44 Gallery% 59 Achievement% 48 Wizard Run 0 Options --------- Layout 0 ASCII 1 Keyboard 1 Movement Vi Keybinds 0 Fullscreen 2 Font 36/Terminus++ Map View 76x50 Zoom Use 0% Tactical HUD 1 Map Filters NONE Filters NONE Steam 1 RUN: c85f161f-380c-455d-98ae-5c104b49a78d